 Dungeon Sprint DCSS version 0.27-a0-1090-gb115f176c6 (webtiles) character file.

Game seed: 15201417223884754732

604 Zeld the Destroyer (level 7, -7/54 HPs)
             Began as an Octopode Conjurer on Apr 27, 2021.
             Was a Follower of Sif Muna.
             Mangled by Sonja
             ... wielding a +0 dagger of distortion
              (8 damage)
             ... in the Dungeon (Sprint I: "Red Sonja").
             The game lasted 00:01:40 (1183 turns).

Zeld the Destroyer (Octopode Conjurer)              Turns: 1183, Time: 00:01:41

Health: -7/54      AC:  1    Str:  7    XL:     7   Next: 42%
Magic:  2/17       EV: 14    Int: 22    God:    Sif Muna [*.....]
Gold:   111        SH:  0    Dex: 10    Spells: 9/20 levels left

rFire    . . .     SeeInvis .   (no weapon)
rCold    . . .     Faith    .   (no shield)
rNeg     . . .     Spirit   .   (helmet restricted)
rPois    .         Reflect  .   (no amulet)
rElec    .         Harm     .   (no ring)
rCorr    .         Rampage  .   (no ring)
Will     .....     NoTele   +   (no ring)
Stlth    +++.......             (no ring)
HPRegen  0.18/turn              (no ring)
MPRegen  0.15/turn              (no ring)
                                (no ring)
                                (no ring)

@: no status effects
A: almost no armour, amphibious, 8 rings, camouflage 1, gelatinous body 1,
(nimble swimmer 1), tentacles
a: Renounce Religion, Channel Magic


You were in the Dungeon.
You worshipped Sif Muna.
Sif Muna was aware of your devotion.
You visited 1 branch You collected 405 gold pieces.
You spent 294 gold pieces at shops.

Inventory:

Wands
 a - a wand of flame (19)
Scrolls
 f - a scroll of fear {unknown}
 g - 2 scrolls of blinking
 h - 2 scrolls of identify
 i - a scroll of magic mapping
 j - a scroll of summoning
Potions
 b - a potion of curing
 d - a potion of haste
 e - 2 potions of magic


   Skills:
 * Level 7.5 Fighting
 + Level 5.8 Dodging
 - Level 2.6 Stealth
 * Level 7.3 Spellcasting
 * Level 8.7 Conjurations
 + Level 3.9 Hexes
 + Level 3.9 Translocations


You had 9 spell levels left.
You knew the following spells:

 Your Spells              Type           Power      Damage    Failure   Level
a - Magic Dart            Conj           100%       1d8       1%          1
b - Searing Ray           Conj           92%        3d6       1%          2
c - Fulminant Prism       Conj/Hex       18%        3d11      6%          4
d - Iskenderun's Mystic   Conj/Tloc      36%        2d9       6%          4

Your spell library contained the following spells:

 Spells                   Type           Power      Damage    Failure   Level
 Dazzling Flash           Conj/Hex       72%        N/A       1%          3


Dungeon Overview and Level Annotations

Branches:
Dungeon (1/1)

Altars:
Cheibriados
Dithmenos
Elyvilon
Fedhas
Gozag
Hepliaklqana
Kikubaaqudgha
Makhleb
Nemelex Xobeh
Okawaru
Qazlal
Ru
Sif Muna
Trog
Uskayaw
Vehumet
Wu Jian
Xom
Yredelemnul
Zin
The Shining One
Jiyva
Lugonu

Shops:
D ?

Annotations:
D Sonja


Innate Abilities, Weirdness & Mutations

You cannot wear most types of armour.
You are amphibious.
You can wear up to eight rings at the same time.
Your skin changes colour to match your surroundings (Stealth+).
Your rubbery body absorbs attacks. (AC +1, EV +1)
((You are camouflaged near water. (Stealth+)))
You have tentacles for arms and can constrict up to eight enemies at once.


Message History

Aiming: Searing Ray (safe; 1% risk of failure)
Press: ? - help, Shift-Dir - straight line, f/p - Sonja
Aim: Sonja, wielding a +0 dagger of distortion and quivering curare-tipped darts (moderately wounded, 50% to hit)
The searing ray misses Sonja. (Press . to maintain the ray.) Sonja plants her feet in a plie.
The searing ray hits Sonja.
Sonja is heavily wounded.
Sonja closely misses you. x2; Sonja hits you but does no damage.
Space bends around you.
Casting: Searing Ray (safe; 1% risk of failure)
Confirm with . or Enter, or press ? or * to list all spells.
You erupt in a blast of force!
The mystic blast hits Sonja.
Sonja is heavily wounded.
Sonja is knocked back by the mystic blast.
Sonja slams into the stone wall!
Sonja gestures wildly while chanting.
Sonja resists with significant effort.
Casting: Iskenderun's Mystic Blast (dangerous; 6% risk of failure)
Confirm with . or Enter, or press ? or * to list all spells.
Aiming: Searing Ray (safe; 1% risk of failure)
Press: ? - help, Shift-Dir - straight line, f/p - Sonja
Aim: Sonja, wielding a +0 dagger of distortion and quivering curare-tipped darts (severely wounded, 50% to hit)
The searing ray misses Sonja. (Press . to maintain the ray.) Unknown command.
The searing ray hits Sonja!
Sonja is almost dead.
Sonja hits you with a +0 dagger of distortion.
Space bends around you.
Sonja hits you with a +0 dagger of distortion.
* * * LOW HITPOINT WARNING * * *
Space bends around you.
* * * LOW HITPOINT WARNING * * *
Sonja hits you with a +0 dagger of distortion.
* * * LOW HITPOINT WARNING * * *
Space bends around you.
* * * LOW HITPOINT WARNING * * *
Sonja hits you with a +0 dagger of distortion!
You die...

######################
#<.#.)'..#..'.K#__#..+
#..)..#..').#..'^.'..#
#..#####'#####'#__####
#..####..#...#[####
#..#__####..##|#
#..#_____##'#K.+
#⌠⌠#_.∩...'.@._#
####_..__##_.#'#
#_____###'#.# #######
#.### $.$ $.$ ##.##
#+#


You could see Sonja.

Vanquished Creatures
  A slime creature (D)
  Sigmund (D)
  A yak (D)
  An ogre (D)
  A jelly (D)
  Ijyb (D)
6 creatures vanquished.

Vanquished Creatures (others)
  A gargoyle (D)
1 creature vanquished.

Grand Total: 7 creatures vanquished

Notes
Turn   | Place    | Note
-------+----------+-------------------------------------------
     0 | D        | Zeld the Octopode Conjurer began the quest for the Orb.
     0 | D        | Reached XP level 1. HP: 11/11 MP: 3/3
     3 | D        | Noticed Ijyb
     8 | D        | Killed Ijyb
     9 | D        | Reached skill level 5 in Conjurations
     9 | D        | Reached XP level 2. HP: 19/20 MP: 3/6
     9 | D        | Reached XP level 3. HP: 23/25 MP: 3/7
   306 | D        | Learned a level 2 spell: Searing Ray
   309 | D        | Noticed an ogre
   316 | D        | Killed an ogre
   317 | D        | Reached skill level 6 in Conjurations
   317 | D        | Reached XP level 4. HP: 32/34 MP: 0/10
   322 | D        | Learned a level 4 spell: Fulminant Prism
   327 | D        | Learned a level 4 spell: Iskenderun's Mystic Blast
   356 | D        | Noticed Sigmund
   402 | D        | Killed Sigmund
   403 | D        | Reached skill level 7 in Conjurations
   403 | D        | Reached XP level 5. HP: 41/41 MP: 5/13
   403 | D        | Reached XP level 6. HP: 46/46 MP: 5/15
   586 | D        | Found an ornate altar of the Wu Jian Council.
   586 | D        | Found a shimmering blue altar of Sif Muna.
   588 | D        | Found a radiant altar of Vehumet.
   592 | D        | Became a worshipper of Sif Muna the Loreminder
   598 | D        | Reached skill level 5 in Dodging
   740 | D        | Found Vohey's Magic Scroll Emporium.
   740 | D        | Found an ancient bone altar of Kikubaaqudgha.
   740 | D        | Found a hazy altar of Hepliaklqana.
   740 | D        | Found a stormy altar of Qazlal.
   740 | D        | Found a hide-covered altar of Uskayaw.
   740 | D        | Found a blossoming altar of Fedhas.
   740 | D        | Found a bloodstained altar of Trog.
   740 | D        | Found an iron altar of Okawaru.
   740 | D        | Found a basalt altar of Yredelemnul.
   740 | D        | Found a glowing golden altar of the Shining One.
   740 | D        | Found a snail-covered altar of Cheibriados.
   740 | D        | Found a sacrificial altar of Ru.
   740 | D        | Found a glowing silver altar of Zin.
   740 | D        | Found a shadowy altar of Dithmenos.
   740 | D        | Found a white marble altar of Elyvilon.
   740 | D        | Noticed a yak
   745 | D        | Killed a yak
   746 | D        | Reached skill level 8 in Conjurations
   746 | D        | Reached XP level 7. HP: 43/54 MP: 9/17
   746 | D        | Found an opulent altar of Gozag.
   804 | D        | Found a sparkling altar of Nemelex Xobeh.
   854 | D        | Bought a scroll of identify for 24 gold pieces
   854 | D        | Bought a scroll of identify for 24 gold pieces
   854 | D        | Bought a scroll of magic mapping for 42 gold pieces
   854 | D        | Bought a scroll of summoning for 114 gold pieces
   854 | D        | Bought a scroll of blinking for 90 gold pieces
   867 | D        | Found a burning altar of Makhleb.
   867 | D        | Found a viscous altar of Jiyva.
   867 | D        | Found a shimmering altar of Xom.
   867 | D        | Found a corrupted altar of Lugonu.
   867 | D        | Noticed a slime creature
   875 | D        | Killed a slime creature
   875 | D        | Reached * piety under Sif Muna
  1008 | D        | Killed a gargoyle
  1166 | D        | Noticed Sonja
  1183 | D        | HP: 1/54 [Sonja/+0 dagger of distortion (4)]
  1183 | D        | Mangled by Sonja

Illustrated notes

Levels and vault maps discovered:
D:        dungeon_sprint_1 [red_sonja_temple_1, red_sonja_temple_small_1]

Skill      XL: |  1  2  3  4  5  6  7 |
---------------+----------------------+-----
Fighting       | 2 4 6 7 |  7.5
Spellcasting   | 3 4 6 7 |  7.3
Conjurations   | 5 6 7 8 |  8.7
Dodging        | 4 5 |  5.8
Hexes          | 2 3 |  3.9
Translocations | 2 3 |  3.9
Stealth        | |  2.6

Action                   |  1- 3 |  4- 6 |  7- 9 || total
-------------------------+-------+-------+-------++-------
Melee: Unarmed           |     4 |       |       ||     4
       Constrict         |     1 |       |       ||     1
       Tentacles         |     1 |       |       ||     1
 Cast: Magic Dart        |     1 |       |       ||     1
       Searing Ray       |     2 |     4 |     6 ||    12
       Iskenderun's Myst |       |       |     2 ||     2
  Use: Potion            |     1 |       |     1 ||     2
Armor: Skin              |       |       |     1 ||     1
Dodge: Dodged            |       |     1 |     5 ||     6

Table legend: (Time is in decaauts)
 A = Elapsed time spent in this place.
 B = Non-inter-level travel time spent in this place.
 C = Inter-level travel time spent in this place.
 D = Time resting spent in this place.
 E = Time spent auto-exploring this place.
 F = Levels seen in this place.
 G = Mean time per level.
                   A        B        C        D        E       F      G
               +--------+--------+--------+--------+--------+-----+--------+
         Total |   1193 |   1193 |      0 |   1013 |      0 |   1 | 1193.0 |
       Dungeon |   1193 |   1193 |      0 |   1013 |      0 |   1 | 1193.0 |
               +--------+--------+--------+--------+--------+-----+--------+

Top non-repeatable levels by time:
       D: 1193 daAuts
